 Dungeon Crawl Stone Soup version 0.31-a0-344-gd109795599 (webtiles) character file.

Game seed: 8109457952906338810

1548 ryw the Ruffian (level 8, -2/63 HPs)
             Began as a Demigod Shapeshifter on July 21, 2023.
             Slain by a killer bee (4 damage)
             ... on level 6 of the Dungeon.
             The game lasted 00:14:20 (7030 turns).

ryw the Ruffian (Demigod Shapeshifter)              Turns: 7030, Time: 00:14:20

Health: -2/63      AC:  5    Str: 24    XL:     8   Next: 31%
Magic:  10/10      EV: 10    Int: 10    God:
Gold:   296        SH:  9    Dex: 14    Spells: 7/7 levels left

rFire   . .          .
                       - Unarmed
rCold   . . .        d - +0 kite shield
rNeg    . . .        f - +0 ring mail
rPois   +            (helmet currently unavailable)
rElec   .            (cloak currently unavailable)
rCorr   .            (gloves currently unavailable)
SInv    .            (boots currently unavailable)
Will    +....        (no amulet)
Stlth   +            t - ring of poison resistance
HPRegen 0.30/turn    a - ring of willpower
MPRegen 0.12/turn

%: no passive effects
@: beast-form, on berserk cooldown, slowed, invisible, very slow
A: beast (slay +3), high MP 1, forlorn, divine attributes
a: Begin Untransformation


You were on level 6 of the Dungeon.
You were a hulking beast.
You visited 1 branch of the dungeon, and saw 6 of its levels.

You collected 366 gold pieces.
You spent 70 gold pieces at shops.

Inventory:

Missiles
 e - 2 throwing nets
 m - 6 curare-tipped darts
 p - 18 poisoned darts (quivered)
Armour
 d - a +0 kite shield (worn)
 f - a +0 ring mail (worn)
 l - a +2 hat
 o - the +0 ring mail of the Invisible Hand {*Slow Fly rElec rPois}
   (You found it on level 5 of the Dungeon)

   rElec:     It insulates you from electricity.
   rPois:     It protects you from poison.
   Fly:       It grants you flight.
   *Slow:     It may slow you when you take damage.
Jewellery
 a - a ring of willpower (right hand)
 t - a ring of poison resistance (left hand)
Talismans
 c - a beast talisman
Wands
 i - a wand of paralysis (14)
Scrolls
 g - 2 scrolls of blinking
 j - a scroll of immolation
 v - 2 scrolls of teleportation
Potions
 b - a potion of lignification
 k - 2 potions of magic
 r - 2 potions of invisibility
 u - a potion of enlightenment {unknown}


   Skills:
 + Level 3.3 Fighting
 - Level 2.0 Throwing
 - Level 3.0 Armour
 - Level 2.0 Dodging
 * Level 3.8 Shields
 + Level 6.3 Unarmed Combat
 + Level 4.5 Shapeshifting


You had 7 spell levels left.
You didn't know any spells.
Your spell library contained the following spells:

 Spells                   Type           Power      Damage    Failure   Level
 Apportation              Tloc           0%         N/A       77%         1
 Freeze                   Ice            0%         1d3       77%         1
 Necrotise                Necr           0%         1d4       77%         1
 Summon Small Mammal      Summ           0%         N/A       77%         1
 Lesser Beckoning         Tloc           0%         N/A       88%         2
 Poisonous Vapours        Pois/Air       0%         N/A       88%         2
 Static Discharge         Conj/Air       0%         2-2/arc   88%         2
 Frozen Ramparts          Ice            0%         1d1       98%         3
 Gell's Gravitas          Tloc           0%         N/A       98%         3
 Hailstorm                Conj/Ice       0%         3d3       98%         3
 Mephitic Cloud           Conj/Pois/Air  0%         N/A       98%         3
 Teleport Other           Tloc           0%         N/A       98%         3
 Tukima's Dance           Hex            0%         N/A       98%         3
 Airstrike                Air            0%         2d(0-16)  100%        4
 Passage of Golubria      Tloc           0%         N/A       100%        4
 Summon Lightning Spire   Summ/Air       0%         N/A       100%        4
 Freezing Cloud           Conj/Ice/Air   0%         6-21      100%        5
 Yara's Violent Unravell  Hex/Tmut       0%         3d3       100%        5


Dungeon Overview and Level Annotations

Branches:
Dungeon (6/15)             Temple (0/1) D:4

Shops:
D:1 [   D:6 (?

Annotations:
D:5 Blork the orc
D:6 1 runed translucent door


Innate Abilities, Weirdness & Mutations

You are a hulking beast.
Your limbs bulge with bestial killing power. (Slay +3)
You have an increased reservoir of magic. (+10% MP)
You shall have no god before yourself.
Your divine heritage dramatically boosts your attributes as you level up.


Message History

The killer bee is moderately wounded.
The killer bee stings you.
* * * LOW HITPOINT WARNING * * *
You block the killer bee's attack. x2
You barely miss the killer bee.
The killer bee is moderately wounded.
You block the killer bee's attack.
The killer bee stings you but does no damage. x2
You hit the killer bee.
The killer bee is heavily wounded.
You block the killer bee's attack. x2; The killer bee stings you!
* * * LOW HITPOINT WARNING * * *
You feel better. The killer bee barely misses you. The killer bee stings you.
* * * LOW HITPOINT WARNING * * *
You block the killer bee's attack.
You miss the killer bee.
The killer bee is heavily wounded.
You block the killer bee's attack. The killer bee stings you.
* * * LOW HITPOINT WARNING * * *
You block the killer bee's attack.
You fade into invisibility!
The killer bee stings you but does no damage.
The killer bee barely misses you. The killer bee stings you.
* * * LOW HITPOINT WARNING * * *
You miss the killer bee.
The killer bee is heavily wounded.
The killer bee closely misses you. You block the killer bee's attack. x2
You barely miss the killer bee.
The killer bee is heavily wounded.
The killer bee closely misses you. You block the killer bee's attack. x2
You punch the killer bee!
The killer bee is almost dead.
The killer bee stings you.
* * * LOW HITPOINT WARNING * * *
You block the killer bee's attack.
The killer bee stings you but does no damage.
You closely miss the killer bee.
The killer bee is almost dead.
The killer bee stings you.
You die... y

. # #######
.# #
#.hy..####.#
#. #
#.###......#
#. #
#.#........#
#.. #
##.#.##.....#
#.. #
#...........+
...#
####.####...#
## #.# #†#
#...#.##.#..
#.#
#...#.......
#.#
#...........


You could see a killer bee (unable to see you).

Vanquished Creatures
  Edmund (D:5)
  A water moccasin (D:5)
  2 ogres (D:4)
  3 scorpions
  3 killer bees (D:6)
  A howler monkey (D:4)
  2 jellies
  4 hounds
  An orc priest (D:4)
  A gnoll bouda (D:5)
  6 iguanas
  Ijyb (D:5)
  Jessica (D:2)
  5 orc wizards
  8 gnolls
  2 adders
  2 white imps (D:5)
  2 ufetubi
  5 dart slugs
  17 orcs
  8 ball pythons
  8 bats
  10 endoplasms
  2 giant cockroaches
  8 goblins
  3 hobgoblins
  6 jackals
  6 quokkas
  3 frilled lizards
  11 kobolds
  8 rats
141 creatures vanquished.

Notes
Turn   | Place    | Note
-------+----------+-------------------------------------------
     0 | D:1      | ryw the Demigod Shapeshifter began the quest for the Orb.
     0 | D:1      | Reached XP level 1. HP: 15/15 MP: 3/3
    75 | D:1      | Reached skill level 1 in Fighting
   123 | D:1      | Reached skill level 3 in Unarmed Combat
   123 | D:1      | Reached XP level 2. HP: 21/23 MP: 4/4
   561 | D:1      | Found Amear's Armour Boutique.
   901 | D:2      | Reached XP level 3. HP: 28/28 MP: 5/5
  1042 | D:2      | Noticed Jessica
  1045 | D:2      | Killed Jessica
  1730 | D:3      | Reached XP level 4. HP: 36/36 MP: 6/6
  1834 | D:3      | Reached skill level 1 in Armour
  2179 | D:3      | Reached skill level 4 in Unarmed Combat
  2541 | D:3      | Reached XP level 5. HP: 40/41 MP: 7/7
  2777 | D:3      | Identified the +2 dagger of Zuis {venom, *Rage rF++ Str+2
                  | Int+2}
  3434 | D:4      | Found a staircase to the Ecumenical Temple.
  3447 | D:4      | Reached skill level 1 in Throwing
  3721 | D:3      | Reached XP level 6. HP: 22/48 MP: 8/8
  4179 | D:4      | Reached skill level 5 in Unarmed Combat
  4999 | D:5      | Entered Level 5 of the Dungeon
  5022 | D:5      | Reached XP level 7. HP: 45/55 MP: 9/9
  5137 | D:5      | Noticed Edmund
  5153 | D:5      | Killed Edmund
  5154 | D:5      | Reached skill level 1 in Shields
  5218 | D:5      | Noticed Blork the orc
  5685 | D:5      | Reached skill level 6 in Unarmed Combat
  5843 | D:5      | Noticed Ijyb
  5854 | D:5      | Killed Ijyb
  5915 | D:5      | Identified the +0 ring mail of the Invisible Hand {*Slow
                  | Fly rElec rPois}
  6316 | D:5      | Reached XP level 8. HP: 62/62 MP: 10/10
  6618 | D:6      | Found a runed translucent door.
  6682 | D:6      | Found Ivexukh's Magic Scroll Shop.
  6743 | D:6      | Bought a scroll of teleportation for 42 gold pieces
  6743 | D:6      | Bought a scroll of identify for 28 gold pieces
  6824 | D:6      | Found Genorury's Weapon Boutique.
  7029 | D:6      | HP: 1/63 [killer bee (4)]
  7030 | D:6      | Slain by a killer bee

Illustrated notes

Levels and vault maps discovered:
D:1:      sevenhm_arrival_forest_fort_small_4, layout_rooms, serial_shops,
          nicolae_shop_stone
D:2:      layout_loops_ring, cheibrodos_gnoll_hut, uniq_jessica
D:3:      layout_loops_corners, serial_forest, infiniplex_forest_zigzag_1,
          infiniplex_forest_straight_3, infiniplex_forest_end_double,
          infiniplex_forest_lined_2, infiniplex_forest_straight_2,
          infiniplex_forest_straight_2, infiniplex_forest_lined_2,
          minmay_divided_ellipse
D:4:      layout_loops_ring, minmay_temple_entry_from_below_a,
          hangedman_decor_peaks_small
D:5:      layout_loops_ring, nicolae_figureground_pulse, uniq_edmund, uniq_ijyb,
          uniq_blork_the_orc
D:6:      layout_basic, mainiacjoe_overflow_paths, overflow_temple_1_default,
          worldfamousw_hep_ancestral_shrine, ebering_ghost_sewer_f,
          kennysheep_diamond, nicolae_take_the_stairs

Skill      XL: |  1  2  3  4  5  6  7  8 |
---------------+-------------------------+-----
Fighting       | 1 2 3 |  3.3
Dodging        | 2 |  2.0
Unarmed Combat | 3 4 5 6 |  6.3
Shapeshifting  | 3 4 |  4.5
Armour         | 1 2 3 |  3.0
Throwing       | 1 2 |  2.0
Shields        | 2 3 |  3.8

Action                     |  1- 3 |  4- 6 |  7- 9 || total
---------------------------+-------+-------+-------++-------
  Melee: Unarmed           |   106 |   310 |   178 ||   594
         Punch             |     2 |     9 |       ||    11
  Throw: Dart              |       |    22 |    23 ||    45
    Use: Scroll            |     2 |     6 |     5 ||    13
         Potion            |       |       |     5 ||     5
 Armour: Animal skin       |     3 |       |       ||     3
         Leather armour    |     6 |       |       ||     6
         Ring mail         |    29 |    75 |    37 ||   141
         Skin              |       |       |     8 ||     8
  Dodge: Dodged            |    71 |   116 |    73 ||   260
  Block: Kite shield       |       |       |    96 ||    96

Table legend: (Time is in decaauts)
 A = Elapsed time spent in this place.
 B = Non-inter-level travel time spent in this place.
 C = Inter-level travel time spent in this place.
 D = Time resting spent in this place.
 E = Time spent auto-exploring this place.
 F = Levels seen in this place.
 G = Mean time per level.
                   A        B        C        D        E       F      G
               +--------+--------+--------+--------+--------+-----+--------+
         Total |   7010 |   6710 |    300 |   1060 |   4283 |   6 | 1168.3 |
       Dungeon |   7010 |   6710 |    300 |   1060 |   4283 |   6 | 1168.3 |
               +--------+--------+--------+--------+--------+-----+--------+

Top non-repeatable levels by time:
     D:3: 1943 daAuts
     D:4: 1616 daAuts
     D:5: 1146 daAuts
     D:2: 968 daAuts
     D:1: 755 daAuts
     D:6: 580 daAuts
